 Dungeon Crawl Stone Soup version 0.17.0-27-g4a3f43e (webtiles) character file.

7 zarick13 the Charlatan (level 1, 9/9 HPs)
             Began as a Felid Artificer on Nov 22, 2015.
             Quit the game on level 1 of the Dungeon.
             The game lasted 00:01:10 (1156 turns).

zarick13 the Charlatan (Felid Artificer)            Turns: 1156, Time: 00:01:10

Health: 9/9        AC:  1    Str:  7    XL:     1   Next: 91%
Magic:  4/4        EV: 18    Int: 13    God:
Gold:   33         SH:  0    Dex: 16    Spells: 0 memorised, 0 levels left
                                        Lives:  0   Deaths: 0

rFire  . . .     SeeInvis +       - Unarmed
rCold  . . .     Clarity  .     (armour unavailable)
rNeg   . . .     SustAt   .     (shield unavailable)
rPois  .         Gourm    .     (helmet unavailable)
rElec  .         Spirit   .     (cloak unavailable)
rCorr  .         Warding  .     (gloves unavailable)
rMut   .         Stasis   .     (boots unavailable)
MR     .....                    (no amulet)
Stlth  ++........               (no ring)
                                (no ring)

@: quick, not resistant to hostile enchantments, unstealthy
A: no armour, no weapons or thrown items, claws 1, fangs 3, see invisible,
carnivore 3, speed 1, shaggy fur 1, slow metabolism 1, sharp paws
a: no special abilities


You were on level 1 of the Dungeon.
You were very full.

You visited 1 branch of the dungeon, and saw 1 of its levels.

You collected 33 gold pieces.

Inventory:

Wands
 a - a wand of flame (15)
 b - a wand of enslavement (15)
 c - a wand of random effects (15)
Scrolls
 e - 2 scrolls of identify
 h - a scroll of teleportation
 i - a scroll of enchant weapon {unknown}
 j - a scroll of enchant armour {unknown}
Potions
 f - a potion of curing
 k - a potion of flight
Comestibles
 d - 2 meat rations


   Skills:
 - Level 1.0 Fighting
 - Level 2.6 Dodging
 - Level 1.3 Stealth
 * Level 2.0 Unarmed Combat
 - Level 3.2 Evocations


You couldn't memorise any spells.
You didn't know any spells.

Dungeon Overview and Level Annotations

Branches:
Dungeon (1/15)

Altars:
Ashenzari


Innate Abilities, Weirdness & Mutations

You cannot wear armour.
You are incapable of wielding weapons or throwing items.
You have sharp claws.
You have razor-sharp teeth.
You have supernaturally acute eyesight.
You are carnivorous and can eat meat at any time.
You cover ground quickly.
You are covered in fur (AC +1).
You have a slow metabolism.
Your sharp claws are effective at attacking unaware monsters.


Message History

You enter a teleport trap!
The teleport trap disappears.
Your surroundings suddenly seem different.
There is an open door here.
There is an open door here.
Done exploring.
Done exploring.
Read which item? (? for menu, Esc to quit)
As you read the scroll labeled MEOS TAONN, it crumbles to dust.
It is a scroll of identify.
Identify which item? (\ to view known items) (? for menu, Esc to quit)
k - a potion of flight Read which item? (? for menu, Esc to quit)
As you read the scroll labeled AFOEJEUCRE, it crumbles to dust.
You feel blessed for a moment.
It was a scroll of remove curse.
Read which item? (? for menu, Esc to quit)
As you read the scroll labeled PENGUR GUBOPON, it crumbles to dust.
You feel strangely unstable.
It was a scroll of teleportation.
You start waiting.
Your surroundings suddenly seem different.
Are you sure you want to abandon this character and quit the game? (Confirm with "yes".)

.####..### #.# #.# ..#.##.# #.#
###.### ..#.##.## #.# #......
.....#..## #.# #.#.###
.).......######### #.###.#.##
.................# #........#
.##.##...#######.### ##.###.#.#
.##.###.## #......# ########.#
.##.# ### #.##@#######...######
###'## #.#.##...###...###...
##...## #..##....###...###...
#.....## #.##..#..##.....##..#
.......## ##.#..##..#...#...#..#
........####..#..###....###....##
........+.....#..###....###....##
........####..#..####...###...###
....>..## ##....################


There were no monsters in sight!

Vanquished Creatures
  A hobgoblin (D:1)
  A giant cockroach (D:1)
  A giant newt (D:1)
  2 goblins (D:1)
  A kobold (D:1)
  3 rats (D:1)
9 creatures vanquished.

Notes
Turn   | Place    | Note
--------------------------------------------------------------
     0 | D:1      | zarick13 the Felid Artificer began the quest for the Orb.
     0 | D:1      | Reached XP level 1. HP: 9/9 MP: 4/4
  1016 | D:1      | Found a shattered altar of Ashenzari.
  1156 | D:1      | Quit the game

Action                   || total
-------------------------++-------
Melee: Unarmed           ||    24
  Use: Scroll            ||     3
 Stab: Sleeping          ||     1
  Eat: Chunk             ||     7
